 Dungeon Crawl Stone Soup version 0.27.0-1-g7a089689b8 (webtiles) character file.

Game seed: 2416367250199605136

968 ryw the Skirmisher (level 7, 0/56 HPs)
             Began as a Demonspawn Monk on Aug 12, 2021.
             Slain by a water moccasin (1 damage)
             ... on level 5 of the Dungeon.
             The game lasted 00:16:21 (5386 turns).

ryw the Skirmisher (Demonspawn Monk)                Turns: 5386, Time: 00:16:21

Health: 0/56       AC: 11    Str: 11    XL:     7   Next: 93%
Magic:  10/10      EV: 15    Int: 13    God:
Gold:   250        SH:  0    Dex: 22    Spells: 7/10 levels left

rFire    . . .     SeeInvis .   j - +0 short sword (venom)
rCold    + . .     Faith    +   (no shield)
rNeg     . . .     Spirit   .   d - +1 leather armour {Will+}
rPois    .         Reflect  .   k - +2 hat
rElec    .         Harm     .   n - +2 cloak
rCorr    .         Rampage  .   a - +0 pair of gloves
Will     +....     Clarity  +   l - +0 pair of boots
Stlth    ++++......             u - amulet of faith
HPRegen  0.18/turn              h - +6 ring of dexterity
MPRegen  0.12/turn              y - ring of protection from cold

@: lethally poisoned (0 -> -9), hasted, very quick
A: antennae 1, powered by pain 2, sturdy frame 1, demonic magic 1, talons 1,
camouflage 1, clarity
a: no special abilities


You were on level 5 of the Dungeon.
You visited 1 branch of the dungeon, and saw 6 of its levels.

You collected 250 gold pieces.

Inventory:

Hand Weapons
 j - a +0 short sword of venom (weapon)
 q - a +2 dagger of flaming
 t - a +1 spectral quarterstaff
Missiles
 p - 4 boomerangs (quivered)
Armour
 a - a +0 pair of gloves (worn)
 d - a +1 leather armour of willpower (worn)
 k - a +2 hat (worn)
 l - a +0 pair of boots (worn)
 n - a +2 cloak (worn)
 v - a scarf of harm
Jewellery
 h - a +6 ring of dexterity (left hand)
 u - an amulet of faith (around neck)
 y - a ring of protection from cold (right hand)
Wands
 e - a wand of polymorph (7)
Scrolls
 b - 5 scrolls of identify {unknown}
 c - a scroll of enchant armour {unknown}
 f - 3 scrolls of teleportation {unknown}
 g - a scroll of amnesia {unknown}
 r - a scroll of vulnerability {unknown}
 s - 3 scrolls of enchant weapon {unknown}
Potions
 i - a potion of might
 z - a potion of curing {unknown}


   Skills:
 + Level 5.2 Fighting
 + Level 2.2 Short Blades
 + Level 5.1 Dodging
 - Level 4.0 Stealth
 - Level 2.6 Unarmed Combat
 + Level 2.2 Spellcasting
 + Level 3.2 Summonings


You had 7 spell levels left.
You knew the following spells:

 Your Spells              Type           Power      Damage    Failure   Level
a - Call Canine Familiar  Summ           9%         N/A       22%         3

Your spell library contained the following spells:

 Spells                   Type           Power      Damage    Failure   Level
 Summon Guardian Golem    Hex/Summ       5%         N/A       38%         3
 Ozocubu's Armour         Ice            1%         N/A       63%         3
 Ozocubu's Refrigeration  Ice            0%         4d5       100%        7
 Dragon's Call            Summ           4%         N/A       100%        9


Dungeon Overview and Level Annotations

Branches:
Dungeon (6/15)
 Temple: D:4-7

Altars:
Cheibriados
Qazlal
Uskayaw

Shops:
D:3 *   D:4 (


Innate Abilities, Weirdness & Mutations

You have a pair of small antennae on your head.
You sometimes gain power by taking damage.
Your movements are slightly less encumbered by armour. (ER -2)
Spells you cast may paralyse adjacent enemies.
You have sharp toenails.
Your skin changes colour to match your surroundings (Stealth+).
You possess an exceptional clarity of mind.


Message History

The water moccasin closely misses you. The water moccasin misses you.
Unknown command.
It was a potion of cancellation.
Your magical effects are unravelling.
You feel magically purged.
You feel a little less mighty now.
* * * LOW HITPOINT WARNING * * *
You feel very sick. The water moccasin closely misses you.
It was a potion of heal wounds.
You feel much better.
You feel sick. The water moccasin misses you. The water moccasin bites you.
Unknown command.
You hit the water moccasin but do no damage.
You punch the water moccasin.
The water moccasin is moderately wounded.
You feel sick. The water moccasin closely misses you.
You feel sick.
You feel sick. The water moccasin bites you.
* * * LOW HITPOINT WARNING * * *
You are lethally poisoned!
The water moccasin poisons you!
* * * LOW HITPOINT WARNING * * *
You feel very sick.
You hit the water moccasin.
The water moccasin is heavily wounded.
* * * LOW HITPOINT WARNING * * *
You feel very sick.
The water moccasin bites you but does no damage.
Unknown command.
It was a potion of haste.
You feel yourself speed up.
* * * LOW HITPOINT WARNING * * *
You feel very sick.
The water moccasin bites you but does no damage.
The water moccasin closely misses you.
It was a potion of mutation.
You feel extremely strange.
Your skin functions as natural camouflage.
Your thoughts seem clearer.
Your toenails lengthen and sharpen.
* * * LOW HITPOINT WARNING * * *
You feel sick. The water moccasin bites you.
You die...

...[......................###....
.........................## #....
............###.>#######.# #####
............# ##.# #.#
############# #.# #.# #.# #.# #.#
#.# #S# #.# #@# #.# #.#######.#
#.........# ###########


You could see a water moccasin (poisoned).

Vanquished Creatures
  3 ogres
  A phantom (D:5)
  A scorpion (D:5)
  2 hounds (D:4)
  Ijyb (D:5)
  Natasha (twice) (D:4 D:3)
  3 iguanas
  3 orc wizards
  2 killer bee zombies (D:5)
  A mummy (D:3)
  Robin (D:4)
  A howler monkey skeleton (D:5)
  7 adders
  2 white imps (D:5)
  2 ufetubi
  A worm (D:5)
  2 dart slugs
  13 orcs
  4 ball pythons
  7 endoplasms
  4 giant cockroaches
  15 goblins
  11 hobgoblins
  18 jackals
  7 kobolds
  6 bats
  2 frilled lizards
  A jackal skeleton (D:4)
  8 rats
131 creatures vanquished.

Notes
Turn   | Place    | Note
-------+----------+-------------------------------------------
     0 | D:1      | ryw the Demonspawn Monk began the quest for the Orb.
     0 | D:1      | Reached XP level 1. HP: 18/18 MP: 1/1
   300 | D:1      | Gained mutation: You sometimes gain a little power by
                  | taking damage. [demonic ancestry]
   300 | D:1      | Reached XP level 2. HP: 22/24 MP: 2/2
   989 | D:1      | Gained mutation: You sometimes gain power by taking damage.
                  | [demonic ancestry]
   989 | D:1      | Reached XP level 3. HP: 30/30 MP: 3/3
  1485 | D:2      | Got Sif Muna's Guide on Creation
  2159 | D:2      | Gained mutation: You have a pair of small antennae on your
                  | head. [demonic ancestry]
  2159 | D:2      | Reached XP level 4. HP: 32/38 MP: 4/4
  2236 | D:3      | Found a hide-covered altar of Uskayaw.
  2451 | D:3      | Noticed an ogre
  2485 | D:3      | Killed an ogre
  2486 | D:3      | Reached skill level 5 in Fighting
  2486 | D:3      | Reached skill level 1 in Short Blades
  2486 | D:3      | Gained mutation: Spells you cast may paralyse adjacent
                  | enemies. [demonic ancestry]
  2486 | D:3      | Reached XP level 5. HP: 14/44 MP: 5/5
  2768 | D:3      | Found a snail-covered altar of Cheibriados.
  3188 | D:3      | Found Roof's Assorted Antiques.
  3290 | D:3      | Learned a level 3 spell: Call Canine Familiar
  3393 | D:4      | Found Meiwih's Weapon Shop.
  3444 | D:4      | Noticed Natasha
  3457 | D:4      | Killed Natasha
  3458 | D:4      | Noticed Natasha
  3489 | D:3      | Killed Natasha
  3490 | D:3      | Reached skill level 1 in Spellcasting
  3490 | D:3      | Reached XP level 6. HP: 41/51 MP: 7/7
  3570 | D:4      | Reached skill level 1 in Summonings
  3702 | D:4      | Noticed Robin
  3720 | D:4      | Killed Robin
  4167 | D:4      | Found a stormy altar of Qazlal.
  4364 | D:5      | Entered Level 5 of the Dungeon
  4439 | D:5      | Gained mutation: Your movements are slightly less
                  | encumbered by armour. (ER -2) [demonic ancestry]
  4439 | D:5      | Reached XP level 7. HP: 56/56 MP: 10/10
  4576 | D:5      | Noticed Ijyb
  4594 | D:5      | Killed Ijyb
  5065 | D:5      | Reached skill level 5 in Dodging
  5353 | D:6      | Noticed a troll
  5359 | D:6      | Noticed a two-headed ogre
  5378 | D:5      | HP: 1/56 [poisoned by a water moccasin]
  5385 | D:5      | HP: 2/56 [poisoned by a water moccasin]
  5386 | D:5      | Gained mutation: Your skin changes colour to match your
                  | surroundings (Stealth+). [potion of mutation]
  5386 | D:5      | Gained mutation: You possess an exceptional clarity of
                  | mind. [potion of mutation]
  5386 | D:5      | Gained mutation: You have sharp toenails. [potion of
                  | mutation]
  5386 | D:5      | Slain by a water moccasin

Illustrated notes

Levels and vault maps discovered:
D:1:      minmay_arrival_stone_box, layout_rooms, serial_bayou_crossing
D:2:      layout_loops_ring, minmay_misc_feat_four_crosses
D:3:      layout_loops_ring, slow_altar_1, mainiacjoe_overflow_chevrons,
          serial_shops, shop_statue, minivault_14, minmay_misc_feat_enclosed
D:4:      kennysheep_goblin_castle, layout_cave_pools,
          nicolae_qazlal_general_emergency, serial_shops, nicolae_shop_crystal,
          nicolae_ossuary_entry_monument, uniq_natasha
D:5:      minmay_diamond_boxcup, layout_basic, uniq_ijyb
D:6:      layout_basic, tso_metal_star, temple_fountains, portal_sewer_entry_b,
          kb_rosetta

Skill      XL: |  1  2  3  4  5  6  7 |
---------------+----------------------+-----
Fighting       | 4 5 |  5.2
Dodging        | 3 5 |  5.1
Stealth        | 2 3 4 |  4.0
Short Blades   | 1 2 |  2.2
Spellcasting   | 1 2 |  2.2
Summonings     | 1 3 |  3.2
Unarmed Combat | |  2.6

Action                   |  1- 3 |  4- 6 |  7- 9 || total
-------------------------+-------+-------+-------++-------
Melee: Unarmed           |   132 |       |       ||   132
       Punch             |     2 |     4 |     3 ||     9
       Short sword       |    47 |   157 |   135 ||   339
       Dagger            |       |    30 |       ||    30
Throw: Boomerang         |       |    11 |       ||    11
  Use: Potion            |       |       |     5 ||     5
 Stab: Sleeping          |     3 |     7 |     8 ||    18
Armor: Leather armour    |    61 |    92 |    63 ||   216
       Robe              |     1 |       |       ||     1
Dodge: Dodged            |   116 |   165 |   129 ||   410
